| TOP OF THE 1ST |
|
Oakland (APP) Athletics batting - Pitching for Baltimore (APP) Orioles : RHP Bob Bychyk
|
|
Pitching: RHP Bob Bychyk
|
|
|
Batting: RHB Nathaniel Adderley
|
0-0: Ball 1-0: Ball 2-0: Ball 3-0: Called Strike 3-1: Fly out, F4 (Popup, 34S, EV 72.5 MPH)
|
|
Batting: RHB Gabe Secundino
|
0-0: Called Strike 0-1: SINGLE (Groundball, 6D, EV 97.5 MPH)
|
|
Batting: RHB Phoctor Dill
|
0-0: SINGLE (Groundball, 56, EV 104.4 MPH) Gabe Secundino to second
|
|
Batting: RHB Pete Goerge
|
0-0: Fielders Choice at 2nd, 6-4 (Groundball, 6, EV 89.4 MPH) Gabe Secundino to third
|
|
Batting: RHB Toyohiko Nakajima
|
0-0: Ball 1-0: Called Strike 1-1: Foul Ball, location: 2F 1-2: Ball 2-2: Strikes out swinging
|
| Top of the 1st over - 0 runs, 2 hits, 0 errors, 2 left on base; Oakland (APP) 0 - Baltimore (APP) 0 |
| BOTTOM OF THE 1ST |
|
Baltimore (APP) Orioles batting - Pitching for Oakland (APP) Athletics : RHP Kian-tat Guao
|
|
Pitching: RHP Kian-tat Guao
|
|
|
Batting: RHB Johnny Lowe
|
0-0: Foul Ball, location: 2F 0-1: Ball 1-1: Foul Ball, location: 2F 1-2: Foul Ball, location: 2F 1-2: Ball 2-2: Ball 3-2: SINGLE (Line Drive, 6D, EV 95.6 MPH)
|
|
Batting: LHB Edwin Cabral
|
0-0: Ball 1-0: Swinging Strike 1-1: Ball 2-1: Ball 3-1: Base on Balls Johnny Lowe to second
|
|
Batting: SHB Shannon Britten
|
0-0: Swinging Strike 0-1: Ball 1-1: Foul Ball, location: 2F 1-2: Foul Ball, location: 2F 1-2: Ball 2-2: 3-RUN HOME RUN (Flyball, 7D, EV 105.0 MPH), Distance : 395 ft
|
|
Batting: LHB Bryan Davidson
|
0-0: Ground out 4-3 (Groundball, 4, EV 111.2 MPH)
|
|
Batting: LHB Taylor Plummer
|
0-0: Called Strike 0-1: DOUBLE (Flyball, 89XD, EV 107.5 MPH)
|
|
Batting: RHB Javier Brizuela
|
0-0: Ground out 6-3 (Groundball, 6, EV 78.1 MPH)
|
|
Batting: RHB Tyler Cohen
|
0-0: Ball 1-0: Ball 2-0: SINGLE (Groundball, 4MD, EV 102.5 MPH) Taylor Plummer to third
|
|
Batting: RHB Pedro Luera
|
0-0: Ball Passed Ball! Taylor Plummer scores Tyler Cohen to second 1-0: Called Strike 1-1: Ball 2-1: Called Strike 2-2: SINGLE (Groundball, 4M, EV 105.0 MPH) (infield hit) Tyler Cohen to third
|
|
Batting: RHB Willie Carmona
|
0-0: Foul Ball, location: 2F 0-1: Ball 1-1: Swinging Strike 1-2: Foul Ball, location: 2F 1-2: Ball 2-2: Ball 3-2: Base on Balls Pedro Luera to second
|
|
Batting: RHB Johnny Lowe
|
0-0: Ball 1-0: Ball 2-0: Foul Ball, location: 2F 2-1: Ball 3-1: Called Strike 3-2: Base on Balls Tyler Cohen scores Pedro Luera to third Willie Carmona to second
|
|
Pitching: RHP Jason Palmer
|
|
|
Batting: LHB Edwin Cabral
|
0-0: Ball 1-0: Called Strike 1-1: Swinging Strike 1-2: GRAND SLAM HOME RUN (Flyball, 89XD, EV 115.0 MPH), Distance : 448 ft
|
|
Batting: SHB Shannon Britten
|
0-0: Ball 1-0: Foul Ball, location: 2F 1-1: Ball 2-1: Foul Ball, location: 2F 2-2: Ball 3-2: Strikes out looking
|
| Bottom of the 1st over - 9 runs, 6 hits, 0 errors, 0 left on base; Oakland (APP) 0 - Baltimore (APP) 9 |
| TOP OF THE 2ND |
|
Oakland (APP) Athletics batting - Pitching for Baltimore (APP) Orioles : RHP Bob Bychyk
|
|
Batting: LHB Diego Vega
|
0-0: Called Strike 0-1: Called Strike 0-2: Strikes out swinging
|
|
Batting: RHB Jeff Goodrum
|
0-0: Ball 1-0: Fly out, F8 (Flyball, 8LM, EV 91.9 MPH)
|
|
Batting: LHB Bryan Hodensack
|
0-0: Ball 1-0: Called Strike 1-1: Foul Ball, location: 2F 1-2: Ball 2-2: Foul Ball, location: 2F 2-2: Fly out, F7 (Flyball, 7, EV 98.1 MPH)
|
| Top of the 2nd over - 0 runs, 0 hits, 0 errors, 0 left on base; Oakland (APP) 0 - Baltimore (APP) 9 |
| BOTTOM OF THE 2ND |
|
Baltimore (APP) Orioles batting - Pitching for Oakland (APP) Athletics : RHP Jason Palmer
|
|
Batting: LHB Bryan Davidson
|
0-0: Foul Ball, location: 2F 0-1: Ball 1-1: Ball 2-1: Foul Ball, location: 2F 2-2: Ball 3-2: Ground out 5-3 (Groundball, 5, EV 83.8 MPH)
|
|
Batting: LHB Taylor Plummer
|
0-0: Called Strike 0-1: Foul Ball, location: 2F 0-2: Ball 1-2: Strikes out looking
|
|
Batting: RHB Javier Brizuela
|
0-0: Ball 1-0: TRIPLE (Line Drive, 78XD, EV 106.9 MPH)
|
|
Batting: RHB Tyler Cohen
|
0-0: Swinging Strike 0-1: Foul Ball, location: 2F 0-2: Ball 1-2: Strikes out looking
|
| Bottom of the 2nd over - 0 runs, 1 hit, 0 errors, 1 left on base; Oakland (APP) 0 - Baltimore (APP) 9 |
| TOP OF THE 3RD |
|
Oakland (APP) Athletics batting - Pitching for Baltimore (APP) Orioles : RHP Bob Bychyk
|
|
Batting: RHB Dave Villarreal
|
0-0: Ball 1-0: Ball 2-0: Called Strike 2-1: Swinging Strike 2-2: Strikes out swinging
|
|
Batting: RHB Nathaniel Adderley
|
0-0: Foul Ball, location: 2F 0-1: Called Strike 0-2: Ground out 6-3 (Groundball, 6, EV 99.4 MPH)
|
|
Batting: RHB Gabe Secundino
|
0-0: Called Strike 0-1: Foul Ball, location: 2F 0-2: Strikes out swinging
|
| Top of the 3rd over - 0 runs, 0 hits, 0 errors, 0 left on base; Oakland (APP) 0 - Baltimore (APP) 9 |
| BOTTOM OF THE 3RD |
|
Baltimore (APP) Orioles batting - Pitching for Oakland (APP) Athletics : RHP Jason Palmer
|
|
Batting: RHB Pedro Luera
|
0-0: Ground out 6-3 (Groundball, 6, EV 113.8 MPH)
|
|
Batting: RHB Willie Carmona
|
0-0: Foul Ball, location: 2F 0-1: Ball 1-1: Called Strike 1-2: Ground out 6-3 (Groundball, 6, EV 80.6 MPH)
|
|
Batting: RHB Johnny Lowe
|
0-0: Foul Ball, location: 2F 0-1: Foul Ball, location: 2F 0-2: Ground out 5-3 (Groundball, 56S, EV 63.8 MPH)
|
| Bottom of the 3rd over - 0 runs, 0 hits, 0 errors, 0 left on base; Oakland (APP) 0 - Baltimore (APP) 9 |
| TOP OF THE 4TH |
|
Oakland (APP) Athletics batting - Pitching for Baltimore (APP) Orioles : RHP Bob Bychyk
|
|
Batting: RHB Phoctor Dill
|
0-0: Ball 1-0: Foul Ball, location: 2F 1-1: Foul Ball, location: 2F 1-2: Ball 2-2: Ball 3-2: Foul Ball, location: 2F 3-2: Strikes out swinging
|
|
Batting: RHB Pete Goerge
|
0-0: Fly out, F7 (Flyball, BS1, EV 105.6 MPH)
|
|
Batting: RHB Toyohiko Nakajima
|
0-0: Ground out 5-3 (Groundball, 56, EV 106.2 MPH)
|
| Top of the 4th over - 0 runs, 0 hits, 0 errors, 0 left on base; Oakland (APP) 0 - Baltimore (APP) 9 |
| BOTTOM OF THE 4TH |
|
Baltimore (APP) Orioles batting - Pitching for Oakland (APP) Athletics : RHP Jason Palmer
|
|
Batting: LHB Edwin Cabral
|
0-0: Ball 1-0: Foul Ball, location: 2F 1-1: Ball 2-1: Called Strike 2-2: Ball 3-2: Fly out, F8 (Line Drive, 8RM, EV 90.6 MPH)
|
|
Batting: SHB Shannon Britten
|
0-0: Called Strike 0-1: Ball 1-1: Swinging Strike 1-2: Ball 2-2: Ball 3-2: DOUBLE (Groundball, 3L, EV 108.8 MPH)
|
|
Pitching: LHP Josh Bologna
|
|
|
Batting: LHB Bryan Davidson
|
0-0: Foul Ball, location: 2F 0-1: Ball 1-1: Swinging Strike 1-2: Strikes out swinging
|
|
Batting: LHB Taylor Plummer
|
0-0: Ball 1-0: Ground out 4-3 (Groundball, 4, EV 87.5 MPH)
|
| Bottom of the 4th over - 0 runs, 1 hit, 0 errors, 1 left on base; Oakland (APP) 0 - Baltimore (APP) 9 |
| TOP OF THE 5TH |
|
Oakland (APP) Athletics batting - Pitching for Baltimore (APP) Orioles : RHP Bob Bychyk
|
|
Batting: LHB Diego Vega
|
0-0: Called Strike 0-1: Foul Ball, location: 2F 0-2: Ball 1-2: Foul Ball, location: 2F 1-2: Ball 2-2: Foul Ball, location: 2F 2-2: Ball 3-2: Base on Balls
|
|
Pitching: RHP Dave Shenton
|
|
|
Batting: RHB Jeff Goodrum
|
0-0: Foul Ball, location: 2F 0-1: Swinging Strike 0-2: Ball 1-2: Foul Ball, location: 2F 1-2: Ball 2-2: Strikes out swinging
|
|
Batting: LHB Bryan Hodensack
|
0-0: Called Strike 0-1: Ball Diego Vega is caught stealing 2nd base 2-6 1-1: Ball 2-1: Fly out, F8 (Flyball, 8LM, EV 91.9 MPH)
|
| Top of the 5th over - 0 runs, 0 hits, 0 errors, 0 left on base; Oakland (APP) 0 - Baltimore (APP) 9 |
| BOTTOM OF THE 5TH |
|
Baltimore (APP) Orioles batting - Pitching for Oakland (APP) Athletics : LHP Josh Bologna
|
|
Batting: RHB Javier Brizuela
|
0-0: Ball 1-0: Ball 2-0: Ball 3-0: Called Strike 3-1: Base on Balls
|
|
Batting: RHB Tyler Cohen
|
0-0: Foul Ball, location: 2F 0-1: Ball 1-1: Foul Ball, location: 2F 1-2: Strikes out swinging
|
|
Batting: RHB Pedro Luera
|
0-0: Ball 1-0: Foul Ball, location: 2F 1-1: Ball 2-1: Swinging Strike 2-2: Foul Ball, location: 2F 2-2: Strikes out swinging
|
|
Batting: RHB Willie Carmona
|
0-0: Fielders Choice at 2nd, 6-4 (Groundball, 6, EV 105.0 MPH)
|
| Bottom of the 5th over - 0 runs, 0 hits, 0 errors, 1 left on base; Oakland (APP) 0 - Baltimore (APP) 9 |
| TOP OF THE 6TH |
|
Oakland (APP) Athletics batting - Pitching for Baltimore (APP) Orioles : RHP Dave Shenton
|
|
Batting: RHB Dave Villarreal
|
0-0: Called Strike 0-1: Ball 1-1: Ball 2-1: Foul Ball, location: 2F 2-2: Strikes out swinging
|
|
Batting: RHB Nathaniel Adderley
|
0-0: Ball 1-0: Ball 2-0: Ball 3-0: Called Strike 3-1: Foul Ball, location: 2F 3-2: SOLO HOME RUN (Flyball, 78XD, EV 111.9 MPH), Distance : 446 ft
|
|
Batting: RHB Gabe Secundino
|
0-0: Fly out, F4 (Popup, 4, EV 70.0 MPH)
|
|
Batting: RHB Phoctor Dill
|
0-0: Ball 1-0: Foul Ball, location: 2F 1-1: Ball 2-1: Ground out 5-3 (Groundball, 56, EV 83.1 MPH)
|
| Top of the 6th over - 1 run, 1 hit, 0 errors, 0 left on base; Oakland (APP) 1 - Baltimore (APP) 9 |
| BOTTOM OF THE 6TH |
|
Baltimore (APP) Orioles batting - Pitching for Oakland (APP) Athletics : LHP Josh Bologna
|
|
Batting: RHB Johnny Lowe
|
0-0: Called Strike 0-1: Foul Ball, location: 2F 0-2: Fly out, F7 (Flyball, 7S, EV 84.4 MPH)
|
|
Batting: LHB Edwin Cabral
|
0-0: Called Strike 0-1: Foul Ball, location: 2F 0-2: Ball 1-2: Ball 2-2: Foul Ball, location: 2F 2-2: Ground out 5-3 (Groundball, 5, EV 100.6 MPH)
|
|
Batting: SHB Shannon Britten
|
0-0: Ball 1-0: Called Strike 1-1: Swinging Strike 1-2: Foul Ball, location: 2F 1-2: SINGLE (Line Drive, 7LS, EV 105.0 MPH)
|
|
Batting: LHB Bryan Davidson
|
0-0: Fly out, F4 (Line Drive, 4M, EV 65.6 MPH)
|
| Bottom of the 6th over - 0 runs, 1 hit, 0 errors, 1 left on base; Oakland (APP) 1 - Baltimore (APP) 9 |
| TOP OF THE 7TH |
|
Oakland (APP) Athletics batting - Pitching for Baltimore (APP) Orioles : RHP Dave Shenton
|
|
Batting: RHB Pete Goerge
|
0-0: Foul Ball, location: 2F 0-1: Foul Ball, location: 2F 0-2: Strikes out swinging
|
|
Batting: RHB Toyohiko Nakajima
|
0-0: Ball 1-0: Ball 2-0: Ball 3-0: Base on Balls
|
|
Pitching: RHP Xavier Martin
|
|
|
Batting: LHB Diego Vega
|
0-0: Swinging Strike 0-1: Ball 1-1: Ball 2-1: Foul Ball, location: 2F 2-2: Ball 3-2: Fly out, F7 (Flyball, 7D, EV 93.1 MPH)
|
|
Batting: RHB Jeff Goodrum
|
0-0: Ball 1-0: Swinging Strike 1-1: Ball 2-1: Called Strike 2-2: Strikes out swinging
|
| Top of the 7th over - 0 runs, 0 hits, 0 errors, 1 left on base; Oakland (APP) 1 - Baltimore (APP) 9 |
| BOTTOM OF THE 7TH |
|
Baltimore (APP) Orioles batting - Pitching for Oakland (APP) Athletics : LHP Josh Bologna
|
|
Batting: LHB Taylor Plummer
|
0-0: Ball 1-0: Called Strike 1-1: SINGLE (Popup, 5D, EV 44.4 MPH)
|
|
Batting: RHB Javier Brizuela
|
0-0: Ball 1-0: SINGLE (Line Drive, 6M, EV 105.0 MPH) Taylor Plummer to second
|
|
Batting: RHB Tyler Cohen
|
0-0: Called Strike 0-1: Grounds into double play, 5-4-3 (Groundball, 56, EV 106.2 MPH) Taylor Plummer to third
|
|
Batting: RHB Pedro Luera
|
0-0: Called Strike 0-1: Ball 1-1: DOUBLE (Groundball, 5L, EV 100.0 MPH) Taylor Plummer scores
|
|
Batting: RHB Willie Carmona
|
0-0: Called Strike 0-1: Called Strike 0-2: Ball 1-2: Foul Ball, location: 2F 1-2: Ground out 6-3 (Groundball, 6S, EV 84.4 MPH)
|
| Bottom of the 7th over - 1 run, 3 hits, 0 errors, 1 left on base; Oakland (APP) 1 - Baltimore (APP) 10 |
| TOP OF THE 8TH |
|
Oakland (APP) Athletics batting - Pitching for Baltimore (APP) Orioles : RHP Xavier Martin
|
|
Batting: LHB Bryan Hodensack
|
0-0: Ground out 3-1 (Groundball, 34S, EV 85.0 MPH)
|
|
Batting: RHB Dave Villarreal
|
0-0: Foul Ball, location: 2F 0-1: Ball 1-1: Ball 2-1: SINGLE (Groundball, P, EV 81.9 MPH) (infield hit)
|
|
Batting: RHB Nathaniel Adderley
|
0-0: Ball 1-0: Ball 2-0: Ball 3-0: Called Strike 3-1: Swinging Strike 3-2: Strikes out swinging
|
|
Batting: RHB Gabe Secundino
|
0-0: Fielders Choice at 2nd, 6-4 (Groundball, 6, EV 108.1 MPH)
|
| Top of the 8th over - 0 runs, 1 hit, 0 errors, 1 left on base; Oakland (APP) 1 - Baltimore (APP) 10 |
| BOTTOM OF THE 8TH |
|
Baltimore (APP) Orioles batting - Pitching for Oakland (APP) Athletics : LHP Josh Bologna
|
|
Batting: RHB Johnny Lowe
|
0-0: Ball 1-0: Foul Ball, location: 2F 1-1: SINGLE (Line Drive, 6D, EV 108.8 MPH)
|
|
Pitching: RHP Albie Cisneros
|
|
|
Batting: LHB Edwin Cabral
|
0-0: Ball 1-0: Called Strike 1-1: Foul Ball, location: 2F 1-2: 2-RUN HOME RUN (Line Drive, 9LD, EV 94.4 MPH), Distance : 368 ft
|
|
Batting: SHB Shannon Britten
|
0-0: Ball 1-0: Called Strike 1-1: Ball 2-1: Foul Ball, location: 2F 2-2: Ball 3-2: Foul Ball, location: 2F 3-2: Ground out 4-3 (Groundball, 4, EV 81.9 MPH)
|
|
Batting: LHB Bryan Davidson
|
0-0: Ball 1-0: Ground out 4-3 (Groundball, 4, EV 85.6 MPH)
|
|
Batting: LHB Taylor Plummer
|
0-0: Swinging Strike 0-1: Ball 1-1: Called Strike 1-2: Ball 2-2: Strikes out swinging
|
| Bottom of the 8th over - 2 runs, 2 hits, 0 errors, 0 left on base; Oakland (APP) 1 - Baltimore (APP) 12 |
| TOP OF THE 9TH |
|
Oakland (APP) Athletics batting - Pitching for Baltimore (APP) Orioles : RHP Xavier Martin
|
|
Pinch Hitting: RHB Matt Aston
|
0-0: Ball 1-0: Called Strike 1-1: Foul Ball, location: 2F 1-2: Strikes out swinging
|
|
Batting: RHB Pete Goerge
|
0-0: Ball 1-0: Swinging Strike 1-1: SINGLE (Groundball, 56, EV 83.1 MPH) (infield hit)
|
|
Pitching: RHP Sherwood Abernethy
|
|
|
Batting: RHB Toyohiko Nakajima
|
0-0: Swinging Strike 0-1: Ball 1-1: Grounds into double play, 5-4-3 (Groundball, 56, EV 95.6 MPH)
|
| Top of the 9th over - 0 runs, 1 hit, 0 errors, 0 left on base; Oakland (APP) 1 - Baltimore (APP) 12 |
|